Map: Blueshift LE

Players

ViBE - Winner!

  • Race: Protoss Protoss
  • League: Silver
  • Spawn Location: 1:00

Argyle

  • Race: Zerg Zerg
  • League: Gold
  • Spawn Location: 7:00

VOD

Have the link to the VOD?

Description

Time

  • Played on: Nov. 28, 2018, 12:40 a.m.
  • Length: 11:05
Show
View Real Time Build Order
Export as new Build Order

ViBE Protoss - Winner!

Build Orders: 1 Gate Expand, Colossus Rush 

Get SALT Encoding   

  12  0:01  Probe  
  13  0:13  Probe  
  14  0:20  Pylon  
  14  0:25  Probe  
  15  0:36  Probe  
  15  0:41  Gateway  
  16  0:44  Probe  
  17  0:50  Assimilator  
  17  0:52  Probe  
  18  1:03  Probe  
  19  1:11  Probe  
  20  1:25  Nexus  
  20  1:32  Probe  
  21  1:37  Cybernetics Core  
  21  1:45  Probe  
  22  1:56  Probe  
  23  2:22  Pylon  
  23  2:28  Robotics Facility  
  23  2:31  Assimilator  
  23  2:33  Probe  
  23  2:36  Zealot, Probe  
  26  2:38  Warp Gate  
  26  2:41  Probe  
  27  2:48  Probe  
  29  2:51  Probe  
  30  3:00  Probe  
  30  3:04  Probe  
  32  3:07  Sentry  
  32  3:10  Shield Battery  
  32  3:12  Probe x2  
  35  3:17  Assimilator  
  36  3:20  Probe  
  36  3:25  Probe  
  38  3:30  Immortal  
  38  3:32  Shield Battery  
  42  3:37  Probe  
  42  3:40  Shield Battery  
  43  3:44  Probe  
  43  3:46  Gateway  
  44  3:49  Stalker  
  46  4:02  Pylon  
  46  4:03  Pylon  
  46  4:20  Probe x2  
  48  4:28  Observer  
  48  4:30  Robotics Bay  
  48  4:31  Probe x2  
  49  4:35  Gateway  
  49  4:37  Gateway  
  51  4:39  Probe x2  
  51  4:42  Stalker  
  51  4:43  Stalker  
  57  4:47  Probe x2  
  59  4:53  Assimilator  
  59  4:58  Probe  
  60  5:04  Pylon  
  60  5:05  Probe  
  61  5:07  Pylon  
  61  5:09  Nexus  
  61  5:10  Pylon, Probe  
  61  5:13  Extended Thermal Lance  
  62  5:17  Colossus  
  62  5:28  Forge  
  68  5:30  Twilight Council  
  68  5:35  Probe x2  
  70  5:36  Protoss Ground Weapons Level 1  
  70  5:43  Stalker x2  
  70  5:47  Probe x2  
  76  5:52  Stalker  
  76  5:53  Stalker  
  80  5:58  Charge  
  80  6:11  Stalker x2  
  84  6:16  Probe  
  84  6:17  Probe  
  86  6:19  Colossus  
  92  6:29  Pylon  
  92  6:31  Probe x2  
  94  6:34  Pylon  
  94  6:39  Probe  
  95  6:43  Probe x2  
  95  6:44  Pylon  
  97  6:59  Stalker x4  
  105  7:09  Pylon x2  
  105  7:14  Probe x2  
  107  7:17  Gateway  
  107  7:18  Protoss Ground Weapons Level 2  
  107  7:20  Probe, Gateway  
  108  7:23  Gateway x2  
  108  7:26  Probe x2, Colossus  
  116  7:33  Blink  
  116  7:36  Assimilator x2  
  116  7:45  Probe x2  
  116  7:46  Probe  
  116  7:49  Nexus, Pylon  
  119  7:59  Probe x2  
  119  8:00  Probe  
  122  8:08  Stalker x4  
  130  8:15  Pylon  
  130  8:27  Stalker x4  
  130  8:31  Pylon  
  138  8:42  Templar Archives  
  138  8:46  Photon Cannon  
  138  8:47  Shield Battery  
  138  8:49  Photon Cannon  
  138  8:50  Shield Battery  
  138  8:51  Photon Cannon  
  138  8:55  Shield Battery  
  138  8:57  Photon Cannon  
  138  8:58  Shield Battery  
  138  9:14  Zealot  
  138  9:15  Zealot x7  
  152  9:27  Pylon  
  152  9:29  Pylon  
  152  9:31  Probe  
  152  9:32  Pylon, Probe x3  
  156  9:40  High Templar  
  156  9:41  High Templar x7  
  156  9:42  Colossus  
  156  9:44  Probe x2, Archon  
  156  9:45  Archon x2  
  180  9:46  Archon  
  180  9:51  Gateway  
  180  9:52  Gateway  
  180  9:53  Gateway  
  180  9:56  Gateway  
  180  10:01  Gateway  
  180  10:04  Gateway  
  180  10:35  Nexus  
  180  10:36  Pylon  
  180  10:40  Pylon  
  174  10:44  High Templar x4  
  174  10:45  Zealot x5  
  174  10:48  Archon x2  
  184  11:00  Photon Cannon  
  184  11:02  Zealot x4  
  184  11:03  Shield Battery, Zealot  
Show
View Real Time Build Order
Export as new Build Order

Argyle Zerg 

Build Orders: Hatch First 

Get SALT Encoding   

  12  0:03  Drone  
  13  0:12  Overlord  
  13  0:19  Drone  
  14  0:25  Extractor  
  14  0:26  Drone  
  15  0:35  Drone  
  16  0:37  Drone  
  17  0:46  Drone  
  18  1:02  Hatchery  
  18  1:03  Extractor  
  16  1:04  Drone  
  17  1:12  Extractor  
  17  1:14  Drone  
  17  1:22  Drone  
  18  1:30  Spawning Pool  
  18  1:32  Drone  
  18  1:45  Drone  
  19  1:52  Drone  
  20  2:02  Overlord  
  19  2:18  Queen  
  19  2:19  Queen, Metabolic Boost  
  19  2:21  Zergling x2  
  24  2:24  Zergling x2  
  25  2:34  Drone  
  25  2:35  Zergling x4  
  28  2:38  Zergling x2  
  29  2:52  Roach Warren, Drone  
  29  2:54  Drone  
  30  3:04  Drone  
  31  3:06  Zergling x2  
  31  3:09  Evolution Chamber  
  31  3:14  Drone  
  32  3:21  Evolution Chamber  
  31  3:29  Zergling x2  
  31  3:30  Drone, Zergling x4  
  31  3:31  Drone  
  36  3:34  Overlord  
  34  3:53  Roach x3, Baneling Nest  
  39  3:57  Extractor  
  39  3:59  Extractor  
  37  4:06  Drone  
  37  4:07  Drone x2  
  40  4:16  Lair  
  40  4:24  Spine Crawler  
  40  4:30  Queen  
  41  4:34  Drone  
  42  4:39  Overlord  
  42  4:45  Drone  
  43  4:52  Overlord  
  43  4:53  Drone  
  44  5:15  Hatchery  
  43  5:33  Drone x3, Hydralisk Den  
  43  5:34  Drone  
  46  5:37  Drone x2  
  48  5:49  Zerg Missile Weapons Level 1  
  48  5:50  Zerg Ground Armor Level 1  
  48  5:52  Roach, Zergling x2  
  49  6:20  Roach  
  49  6:21  Roach x4, Zergling x2  
  49  6:22  Overlord x2  
  60  6:30  Drone, Queen  
  63  6:45  Drone  
  63  6:46  Hydralisk x3  
  70  6:47  Hydralisk  
  72  7:06  Hatchery  
  72  7:07  Spore Crawler  
  70  7:17  Spore Crawler  
  69  7:27  Spore Crawler  
  69  7:29  Drone x6  
  74  7:30  Overlord  
  74  7:34  Overlord  
  74  7:38  Muscular Augments  
  74  7:44  Pneumatized Carapace  
  74  7:51  Drone x2  
  74  7:52  Drone x2  
  78  8:02  Nydus Network  
  78  8:03  Drone x2  
  78  8:05  Drone  
  80  8:07  Drone  
  80  8:08  Drone  
  80  8:11  Hydralisk  
  84  8:33  Hydralisk x5  
  84  8:34  Hydralisk  
  96  8:52  Nydus Canal  
  96  9:02  Overlord x3  
  89  9:19  Queen  
  89  9:22  Queen  
  89  9:23  Hydralisk  
  95  9:30  Spire  
  82  9:38  Drone x2  
  82  9:39  Drone x4  
  82  9:40  Roach x2  
  82  9:41  Roach x7  
  82  9:42  Roach  
  108  9:48  Drone  
  108  9:49  Overseer  
  108  9:50  Drone x2  
  111  10:09  Overlord  
  111  10:12  Overlord  
  111  10:22  Overlord x2  
  111  10:26  Queen  
  111  10:27  Hydralisk x2  
  114  10:40  Hydralisk x2  
  114  10:41  Zergling x8  
Tags
 
Add a new tag
Caveats
  • Supply blocks, unpowered buildings, or Contaminate may cause inaccurate times.
  • Supply counts are checked every 10 seconds.